 Dungeon Crawl Stone Soup version 0.22.2-1-ge965b3aba3 (webtiles) character file.

51370 Jerry the Protected (level 15, -5/115 HPs)
             Began as a Human Berserker on Apr 23, 2019.
             Was a High Priest of Trog.
             Slain by a death yak (8 damage)
             ... on level 6 of the Lair of Beasts on May 9, 2019.
             The game lasted 01:08:30 (19305 turns).

Jerry the Protected (Human Berserker)              Turns: 19305, Time: 01:08:31

Health: -5/115     AC: 18    Str: 23    XL:     15   Next: 1%
Magic:  15/15      EV: 20    Int:  8    God:    Trog [*****.]
Gold:   954        SH:  7    Dex: 17    Spells: 14/14 levels left

rFire    . . .     SeeInvis .   x - +3 demon whip "Vadepn" {drain, *Drain rPois Dex+4}
rCold    . . .     Gourm    .   y - +2 buckler
rNeg     + . .     Faith    .   D - +3 ring mail "Efra" {rPois}
rPois    +         Spirit   .   e - +1 helmet
rElec    .         Reflect  .   d - +0 cloak
rCorr    .         Harm     .   (no gloves)
MR       +++..                  (no boots)
Stlth    +.........             i - amulet of magic regeneration
HPRegen  1.29/turn              n - ring of positive energy
MPRegen  0.39/turn              w - +3 ring of protection

@: regenerating
A: no striking features
a: Berserk, Trog's Hand, Brothers in Arms, Renounce Religion


You were on level 6 of the Lair of Beasts.
You worshipped Trog.
Trog was extremely pleased with you.
You were hungry.

You visited 2 branches of the dungeon, and saw 14 of its levels.

You collected 1149 gold pieces.
You spent 195 gold pieces at shops.

Inventory:

Hand Weapons
 p - a +2 whip
 x - the +3 demon whip "Vadepn" (weapon) {drain, *Drain rPois Dex+4}
   (You acquired it on level 1 of the Lair of Beasts)

   A truly terrible weapon, it drains the life of those it strikes.
   It affects your dexterity (+4).
   It protects you from poison.
   It causes draining when unequipped.
 M - a +2 vampiric broad axe
Missiles
 H - 3 throwing nets (quivered)
Armour
 d - a +0 cloak (worn)
 e - a +1 helmet (worn)
 y - a +2 buckler (worn)
 D - the +3 ring mail "Efra" (worn) {rPois}
   (You found it on level 6 of the Dungeon)

   It protects you from poison.
Jewellery
 f - an uncursed ring of see invisible
 g - the ring "Adwul" {rC+ MP+9}
   (You found it on level 2 of the Lair of Beasts)

   [ring of protection from cold]

   It protects you from cold.
   It affects your magic capacity (+9).
 i - an amulet of magic regeneration (around neck)
 n - a ring of positive energy (left hand)
 w - a +3 ring of protection (right hand)
Wands
 b - a wand of flame (50)
 j - a wand of digging (31)
 t - a wand of enslavement (27)
 v - a wand of clouds (7)
 F - a wand of acid (7)
Scrolls
 h - 5 scrolls of remove curse
 k - 4 scrolls of teleportation
 o - a scroll of immolation
 B - 3 scrolls of fog
 E - a scroll of enchant weapon
 I - a scroll of blinking
 N - a scroll of enchant armour
Potions
 a - 4 potions of brilliance
 l - 3 potions of lignification
 m - a potion of might
 q - 5 potions of curing
 s - a potion of berserk rage
 u - a potion of invisibility {unknown}
 z - a potion of mutation {unknown}
 A - 2 potions of cancellation
 C - a potion of ambrosia {unknown}
 G - a potion of haste {unknown}
 J - 2 potions of resistance {unknown}
 L - a potion of heal wounds {unknown}
 O - a potion of magic {unknown}
Comestibles
 c - 15 rations


   Skills:
 - Level 10.0 Fighting
 - Level 12.9 Maces & Flails
 + Level 13.2 Armour
 + Level 12.6 Dodging
 - Level 4.3 Shields


You had 14 spell levels left.
You didn't know any spells.
Your spell library was empty.

Dungeon Overview and Level Annotations

Branches:
Dungeon (8/15)             Temple (0/1) D:7            Lair (6/6) D:8
  Swamp (0/4) Lair:2       Spider (0/4) Lair:3        Slime (0/5) Lair:6

Altars:
Ashenzari
Elyvilon
Gozag
Qazlal
Sif Muna
Trog
Xom
The Shining One

Shops:
D:5 *=   D:7 [


Message History

* * * LOW HITPOINT WARNING * * *
You hit the death yak.
The death yak is moderately wounded.
The death yak gores you!!
* * * LOW HITPOINT WARNING * * *
You whack the death yak! You drain the death yak!
The death yak is heavily wounded.
The yak gores you!
* * * LOW HITPOINT WARNING * * *
You block the yak's attack.
You hit the death yak but do no damage. You drain the death yak!
The death yak is heavily wounded.
The death yak completely misses you.
You whack the death yak!
The death yak is severely wounded.
The yak misses you. You block the yak's attack.
You whack the death yak!
The death yak is almost dead.
The death yak gores you!
You die...

***,.#** ***,,.##Y,,,* #.........
**,..** ***..Y.,,** #.........
**#.,** *#..Y**,,* #.........
##..,* ##..#****** ##........ *
#..Y#* #..#* ### #........ *
##YYY###.#* ###.## #........ *
*#YYYY.†..####....## #........
***#..###P†...##†.....###.....P#.
,**,,** ###P..#Y@....###......###
,,,,,* ##...YY##..# #.......#
,8,*** ###.###...# #.......#
,,,,** #######...## #.......#
8,,,,* #PP###...## #.......#
,,**** *#P.....## ##.......## ***
###......####.........#
###......8...##.........#
###....8........#.........#


You could see a death yak and 2 yaks.

Vanquished Creatures
  Gastronok (Lair:3)
  Kirke (Lair:5)
  Nessos (Lair:6)
  Snorg (Lair:3)
  Harold (D:7)
  A catoblepas (Lair:6)
  3 hydras
  7 death yaks (Lair:6)
  Urug (Lair:5)
  2 manticores (Lair:6)
  2 molten gargoyles (Lair:3)
  An eye of devastation (Lair:6)
  3 black mambas
  5 rime drakes
  6 spiny frogs
  4 komodo dragons
  A kobold demonologist (D:7)
  A troll (D:7)
  2 tyrant leeches (Lair:2)
  A jumping spider (Lair:3)
  13 blink frogs
  3 hippogriffs
  16 dream sheep
  2 wyverns
  32 yaks
  3 hogs
  Eustachio (D:5)
  3 basilisks
  4 swamp worms (Lair:2)
  2 hell hounds (Lair:1)
  8 water moccasins
  4 porcupines
  An eye of draining (Lair:6)
  An ogre (D:7)
  2 orc warriors (D:7)
  2 phantoms
  4 centaurs
  14 wolves
  10 crocodiles
  3 big kobolds (D:8)
  8 bullfrogs
  3 scorpions
  5 howler monkeys
  4 electric eels
  A centaur zombie (D:7)
  2 crimson imps (D:5)
  5 lava snakes (Lair:3)
  2 quasits (D:7)
  2 jellies
  A bullfrog zombie (D:8)
  9 hounds
  3 orc priests
  A bullfrog skeleton (D:6)
  Jessica (D:3)
  5 iguanas
  6 orc wizards
  5 worker ants
  A hound skeleton (D:6)
  8 adders
  3 gnolls
  A shadow imp (D:8)
  An ooze (D:3)
  An adder zombie (D:7)
  2 worms (D:2)
  2 dart slugs
  4 leopard geckos
  12 orcs
  6 giant cockroaches
  7 hobgoblins
  8 jackals
  2 ball pythons
  8 bats
  2 frilled lizards
  10 goblins
  13 kobolds
  2 leopard gecko skeletons (D:4)
  A leopard gecko zombie (D:8)
  8 rats
338 creatures vanquished.

Vanquished Creatures (collateral kills)
  A fungus (Lair:2)
1 creature vanquished.

Vanquished Creatures (others)
  A human (Lair:6)
  3 fungi
  5 plants (Lair:6)
9 creatures vanquished.

Grand Total: 348 creatures vanquished

Notes
Turn   | Place    | Note
-------+----------+-------------------------------------------
     0 | D:1      | Jerry the Human Berserker began the quest for the Orb.
     0 | D:1      | Reached XP level 1. HP: 18/18 MP: 1/1
   389 | D:1      | Reached XP level 2. HP: 15/24 MP: 2/2
  1189 | D:1      | Reached XP level 3. HP: 23/29 MP: 3/3
  1549 | D:1      | Reached XP level 4. HP: 35/35 MP: 4/4
  2097 | D:2      | Reached XP level 5. HP: 36/41 MP: 5/5
  2177 | D:2      | Found a shattered altar of Ashenzari.
  2215 | D:2      | Reached ** piety under Trog
  2323 | D:2      | Noticed a moth of wrath
  2325 | D:2      | Found a bloodstained altar of Trog.
  2551 | D:2      | Found a white marble altar of Elyvilon.
  2552 | D:2      | Found a shimmering altar of Xom.
  2816 | D:3      | Reached skill level 3 in Armour
  2873 | D:3      | Found an opulent altar of Gozag.
  3226 | D:3      | Noticed a phantom
  3252 | D:3      | Killed a phantom
  3252 | D:3      | Reached skill level 5 in Maces & Flails
  3252 | D:3      | Reached XP level 6. HP: 40/48 MP: 6/6
  3388 | D:3      | Noticed Jessica
  3393 | D:3      | Killed Jessica
  3399 | D:3      | Found a stormy altar of Qazlal.
  3619 | D:4      | Got an ominously black robe
  3735 | D:4      | Reached *** piety under Trog
  3882 | D:4      | Noticed a phantom
  3981 | D:4      | Killed a phantom
  3981 | D:4      | Reached XP level 7. HP: 52/55 MP: 7/7
  4517 | D:4      | Identified the +2 robe "Qoluxt" {-Tele rC+ SInv} (You found
                  | it on level 4 of the Dungeon)
  4563 | D:5      | Entered Level 5 of the Dungeon
  4651 | D:5      | Reached skill level 4 in Armour
  4715 | D:5      | Noticed a water moccasin
  4729 | D:5      | Killed a water moccasin
  4960 | D:5      | Reached skill level 5 in Fighting
  4960 | D:5      | Reached XP level 8. HP: 62/62 MP: 8/8
  4997 | D:5      | Found Biylontoj's Jewellery Shoppe.
  5712 | D:5      | Found Mawaics's Assorted Antiques.
  5717 | D:5      | Bought a runed buckler for 195 gold pieces
  6052 | D:6      | Noticed Eustachio
  6143 | D:5      | Killed Eustachio
  6143 | D:5      | Reached skill level 5 in Armour
  6143 | D:5      | Reached skill level 1 in Shields
  6941 | D:6      | Got a dazzling ring mail
  6942 | D:6      | Identified the +3 ring mail "Efra" {rPois} (You found it on
                  | level 6 of the Dungeon)
  7058 | D:6      | Found Baurat's Book Boutique.
  7195 | D:7      | Reached **** piety under Trog
  7195 | D:7      | Reached XP level 9. HP: 69/69 MP: 9/9
  7574 | D:7      | Found Cufue's Antique Armour Shop.
  7685 | D:7      | Found a staircase to the Ecumenical Temple.
  8125 | D:7      | Reached skill level 6 in Armour
  8163 | D:7      | Noticed a hippogriff
  8182 | D:7      | Killed a hippogriff
  8283 | D:7      | Noticed Harold
  8309 | D:7      | Killed Harold
  8309 | D:7      | Reached XP level 10. HP: 79/79 MP: 10/10
  8656 | D:7      | Found a glowing golden altar of the Shining One.
  9015 | D:7      | Reached skill level 10 in Maces & Flails
  9020 | D:7      | Reached skill level 7 in Armour
  9781 | D:8      | Noticed a kobold demonologist
  9821 | D:7      | Killed a kobold demonologist
  9990 | D:8      | Found a deep blue altar of Sif Muna.
 10254 | D:8      | Found a staircase to the Lair.
 10560 | Lair:1   | Entered Level 1 of the Lair of Beasts
 10685 | Lair:1   | Noticed a spiny frog
 10766 | D:8      | Killed a spiny frog
 10766 | D:8      | Reached XP level 11. HP: 86/86 MP: 11/11
 10957 | Lair:1   | Reached skill level 8 in Armour
 10963 | Lair:1   | Reached ***** piety under Trog
 12048 | Lair:1   | Identified a scroll of acquirement
 12049 | Lair:1   | Got an ancient demon whip
 12050 | Lair:1   | Identified the +3 demon whip "Vadepn" {drain, *Drain rPois
                  | Dex+4} (You acquired it on level 1 of the Lair of Beasts)
 12424 | Lair:2   | Noticed a six-headed hydra
 12433 | Lair:2   | Killed a six-headed hydra
 12556 | Lair:2   | Reached skill level 9 in Armour
 12597 | Lair:2   | Reached XP level 12. HP: 62/96 MP: 12/12
 12832 | Lair:2   | Noticed a seven-headed hydra
 12841 | Lair:2   | Killed a seven-headed hydra
 12961 | Lair:2   | Found a staircase to the Swamp.
 13411 | Lair:2   | Got a steaming amber ring
 13552 | Lair:2   | Identified the ring "Adwul" {rC+ MP+9} (You found it on
                  | level 2 of the Lair of Beasts)
 14207 | Lair:3   | Noticed Snorg
 14217 | Lair:3   | Killed Snorg
 14217 | Lair:3   | Reached skill level 10 in Fighting
 14416 | Lair:3   | Reached skill level 10 in Armour
 14504 | Lair:3   | Found a hole to the Spider Nest.
 14626 | Lair:3   | Noticed Gastronok
 14640 | Lair:3   | Killed Gastronok
 15037 | Lair:3   | Reached XP level 13. HP: 103/103 MP: 13/13
 15344 | Lair:4   | Reached skill level 10 in Dodging
 16337 | Lair:5   | Noticed Urug
 16343 | Lair:5   | Reached skill level 11 in Armour
 16362 | Lair:5   | Killed Urug
 16362 | Lair:5   | Reached XP level 14. HP: 89/110 MP: 14/14
 16770 | Lair:6   | Entered Level 6 of the Lair of Beasts
 17564 | Lair:6   | Noticed Kirke
 17589 | Lair:5   | Killed Kirke
 17650 | Lair:6   | Reached skill level 12 in Armour
 18254 | Lair:6   | Received a gift from Trog
 18257 | Lair:6   | Got an ancient great mace {god gift}
 18258 | Lair:6   | Identified the +11 great mace "Lifebane" {crush, +Inv rC-
                  | MR+++ Stlth-} (Trog gifted it to you on level 6 of the Lair
                  | of Beasts)
 18308 | Lair:6   | Found a staircase to the Slime Pits.
 18319 | Lair:6   | Noticed Nessos
 18431 | Lair:6   | Killed Nessos
 18960 | Lair:6   | Reached skill level 13 in Armour
 19288 | Lair:6   | Reached XP level 15. HP: 28/115 MP: 15/15
 19302 | Lair:6   | HP: 2/115 [yak (7)]
 19305 | Lair:6   | Slain by a death yak

Skill      XL: |  1  2  3  4  5  6  7  8  9 10 11 12 13 14 |
---------------+-------------------------------------------+-----
Maces & Flails | 4 5 6 7 9 11 12 | 12.9
Armour         | 3 4 5 6 7 9 10 11 13 | 13.2
Fighting       | 4 5 7 8 9 10 | 10.0
Shields        | 2 4 |  4.3
Dodging        | 9 10 12 | 12.6

Action                   |  1- 3 |  4- 6 |  7- 9 | 10-12 | 13-15 || total
-------------------------+-------+-------+-------+-------+-------++-------
Melee: Mace              |    78 |    52 |       |       |       ||   130
       Whip              |       |   185 |   481 |   461 |       ||  1127
       Demon whip        |       |       |       |   190 |   530 ||   720
Invok: Berserk           |     3 |     4 |    12 |    19 |     3 ||    41
       Trog's Hand       |       |     1 |     1 |     3 |     3 ||     8
Evoke: Wand              |       |       |       |    14 |       ||    14
  Use: Scroll            |       |       |    13 |    18 |     7 ||    38
       Potion            |       |       |       |     1 |     1 ||     2
  Eat: Chunk             |     4 |    13 |    21 |    29 |    12 ||    79
       Ration            |       |       |     1 |     3 |     2 ||     6
Armor: Animal skin       |    13 |       |       |       |       ||    13
       Leather armour    |     7 |       |       |       |       ||     7
       Ring mail         |       |    90 |   194 |   207 |    92 ||   583
Dodge: Dodged            |    65 |   132 |   222 |   255 |   261 ||   935
Block: Buckler           |       |       |       |   148 |   135 ||   283
